 Dungeon Crawl Stone Soup version 0.21-a0-331-gfb491b4 (webtiles) character file.

123 qqqbard the Covered (level 5, -10/33 HPs)
             Began as a Gargoyle Fighter on Oct 2, 2017.
             Killed by divine providence
             ... invoked by an orc priest
              (11 damage)
             ... on level 3 of the Dungeon.
             The game lasted 00:02:47 (1900 turns).

qqqbard the Covered (Gargoyle Fighter)              Turns: 1900, Time: 00:02:48

Health: -10/33     AC: 12    Str: 20    XL:     5   Next: 7%
Magic:  5/5        EV:  7    Int:  9    God:
Gold:   103        SH:  9    Dex:  9    Spells: 4/4 levels left

rFire    . . .     SeeInvis .   q - -1 hunting sling (curse)
rCold    . . .     Gourm    +   c - +0 shield
rNeg     + . .     Faith    .   b - +0 scale mail
rPois    ∞         Spirit   .   (no helmet)
rElec    +         Reflect  .   (no cloak)
rCorr    .         Harm     .   (no gloves)
MR       .....                  m - +0 pair of boots
Stlth    ..........             g - amulet of the gourmand
HPRegen  0.11/turn              (no ring)
MPRegen  0.09/turn              (no ring)

@: no status effects
A: negative energy resistance 1, electricity resistance, unbreathing,
petrification resistance, rot immunity, AC +4
a: no special abilities


You were on level 3 of the Dungeon.
You were completely stuffed.

You visited 1 branch of the dungeon, and saw 3 of its levels.

You collected 103 gold pieces.

Inventory:

Hand Weapons
 a - a +0 flail
 q - a cursed -1 hunting sling (weapon)
Missiles
 e - a sling bullet (quivered)
 h - 112 stones
Armour
 b - a +0 scale mail (worn)
 c - a +0 shield (worn)
 m - a +0 pair of boots (worn)
Jewellery
 g - an amulet of the gourmand (around neck)
Scrolls
 l - 3 scrolls of identify
 p - a scroll of fog {unknown}
 r - a scroll of fear {unknown}
Potions
 d - a potion of might
 j - a potion of agility {unknown}
 o - a potion of mutation {unknown}
 t - a potion of heal wounds {unknown}
Comestibles
 f - 3 bread rations
 i - 2 meat rations
 k - a royal jelly
 n - a fruit
 s - 6 chunks of flesh


   Skills:
 + Level 3.9 Fighting
 * Level 3.5 Maces & Flails
 * Level 0.0 Slings
 + Level 4.0 Armour
 + Level 4.0 Shields


You had 4 spell levels left.
You didn't know any spells.

Dungeon Overview and Level Annotations

Branches:
Dungeon (3/15)

Altars:
Cheibriados
Kikubaaqudgha
Ru
Vehumet
Wu Jian
Zin


Innate Abilities, Weirdness & Mutations

You are resistant to torment.
Your stone body is resilient. (AC +4)
You are immune to poison.
You resist negative energy. (rN+)
You are resistant to electric shocks. (rElec)
You can survive without breathing.
You are immune to petrification.
You are immune to rotting.


Message History

Deactivating autopickup; reactivate with Ctrl-A.
You block the orc's attack.
Firing (i - inventory. (,) - cycle):
e - 3 sling bullets (quivered)
Press: ? - help, Shift-Dir - straight line, f - orc priest, p - orc
Aim: an orc priest You shoot a sling bullet.
The sling bullet barely misses the orc priest.
The orc priest invokes the aid of Beogh against you.
Beogh smites you!
* * * LOW HITPOINT WARNING * * *
Something hits you but does no damage. The orc hits you but does no damage.
Firing (i - inventory. (,) - cycle):
e - 2 sling bullets (quivered)
Press: ? - help, Shift-Dir - straight line, f/p - orc priest
Aim: an orc priest You shoot a sling bullet.
The sling bullet barely misses the orc priest.
You block something's attack. You block the orc's attack.
The orc priest invokes the aid of Beogh against you.
Beogh smites you!
You die...

..<# #..[# #.#
#.......#.# ##.#
#...####...###..## ..#.
#...........#### ..##.
#.###..#.##....## #(##.#
##.#.#####..## ....#
#...# ##... ..####o.##
#..######### #(....{@.#
##.....## #
#.(.o##..#####.###..####
#(# #........# ##.##>.
#####....####....#
####.#....###...#
#....#.##.....#.#
#.##.#.####......
#..#####.........
#.'#.#.#'.#..####


You could see an orc priest and an orc.

Vanquished Creatures
  Robin (D:2)
  3 adders (D:2)
  A leopard gecko (D:2)
  8 orcs (D:3)
  11 bats
  4 giant cockroaches
  11 goblins
  4 hobgoblins
  7 jackals
  3 ball pythons
  6 frilled lizards
  4 kobolds
  8 rats
71 creatures vanquished.

Notes
Turn   | Place    | Note
-------+----------+-------------------------------------------
     0 | D:1      | qqqbard the Gargoyle Fighter began the quest for the Orb.
     0 | D:1      | Reached XP level 1. HP: 14/14 MP: 1/1
   276 | D:1      | Reached XP level 2. HP: 19/19 MP: 2/2
   613 | D:2      | Reached XP level 3. HP: 23/23 MP: 3/3
  1033 | D:2      | Found a snail-covered altar of Cheibriados.
  1079 | D:2      | Reached XP level 4. HP: 25/29 MP: 4/4
  1112 | D:2      | Noticed Robin
  1123 | D:2      | Killed Robin
  1530 | D:3      | Found an ancient bone altar of Kikubaaqudgha.
  1756 | D:3      | Reached XP level 5. HP: 33/33 MP: 5/5
  1861 | D:3      | Found a radiant altar of Vehumet.
  1861 | D:3      | Found an ornate altar of the Wu Jian Council.
  1862 | D:3      | Found a sacrificial altar of Ru.
  1880 | D:3      | Found a glowing silver altar of Zin.
  1899 | D:3      | HP: 1/33 [orc priest/divine providence (14)]
  1900 | D:3      | Killed from afar by an orc priest

Vault maps used:
D:1:      scummos_arrival_forest, solitary_fountain
D:2:      first_bread, cheibriados_altar_1, uniq_robin
D:3:      kiku_gazebo_pond_becter, nicolae_overflow_quartered_altars,
          trog_hazing_becter

Skill      XL: |  1  2  3  4 |
---------------+-------------+-----
Maces & Flails | 3 |  3.5
Armour         | 4 |  4.0
Shields        | 4 |  4.0
Fighting       | |  3.9

Action                   |  1- 3 |  4- 6 || total
-------------------------+-------+-------++-------
Melee: Flail             |   157 |   110 ||   267
 Fire: Hunting sling     |       |    38 ||    38
  Use: Scroll            |       |     3 ||     3
  Eat: Chunk             |     1 |    28 ||    29
Armor: Scale mail        |   103 |   114 ||   217
Dodge: Dodged            |    70 |    72 ||   142
Block: Shield            |   123 |   103 ||   226

Table legend:
 A = Spawn XP
 B = Non-spawn XP
 C = Spawn XP percentage of total XP
 D = Spawn monster count
 E = Non-spawn monster count
 F = Spawn count percentage of total count
 G = Total turns spent on level
                    A         B        C        D         E        F      G
               +---------+---------+-------+---------+---------+-------+---------
         Total |       0 |     176 |   0.0 |       0 |      71 |   0.0 |  1900
               +---------+---------+-------+---------+---------+-------+---------
           D:1 |       0 |      28 |   0.0 |       0 |      17 |   0.0 |   527
           D:2 |       0 |      94 |   0.0 |       0 |      29 |   0.0 |   937
           D:3 |       0 |      54 |   0.0 |       0 |      25 |   0.0 |   436
               +---------+---------+-------+---------+---------+-------+---------
